 Dungeon Crawl Stone Soup version 0.27-a0-695-gb4952372f7 (webtiles) character file.

Game seed: 3446568262853225196

1989 jasper the Chopper (level 9, 0/71 HPs)
             Began as a Demonspawn Delver on Mar 21, 2021.
             Was a Priest of Qazlal.
             Slain by a killer bee (2 damage)
             ... on level 8 of the Dungeon.
             The game lasted 00:13:28 (10048 turns).

jasper the Chopper (Demonspawn Delver)             Turns: 10048, Time: 00:13:29

Health: 0/71       AC: 15    Str: 16    XL:     9   Next: 1%
Magic:  9/9        EV:  7    Int: 10    God:    Qazlal [***...]
Gold:   197        SH:  3    Dex: 16    Spells: 8/8 levels left

rFire    . . .     SeeInvis .   a - +1 hand axe
rCold    + . .     Faith    .   (no shield)
rNeg     . . .     Spirit   .   j - +0 chain mail
rPois    .         Reflect  .   (helmet restricted)
rElec    .         Harm     .   p - scarf {repulsion}
rCorr    .         Rampage  .   (no gloves)
Will     .....                  x - +0 pair of boots
Stlth    ..........             (no amulet)
HPRegen  0.21/turn              E - ring of protection from cold
MPRegen  0.11/turn              (no ring)

@: lethally poisoned (0 -> -10), repel missiles
A: horns 1, iridescent scales 2, demonic magic 2, agile 1, dopey 1, wild magic 2
a: Renounce Religion, Upheaval, Elemental Force


You were on level 8 of the Dungeon.
You worshipped Qazlal.
Qazlal was most pleased with you.
You visited 1 branch of the dungeon, and saw 8 of its levels.

You collected 197 gold pieces.

Inventory:

Hand Weapons
 a - a +1 hand axe (weapon)
 h - a +3 hunting sling
 i - a +0 flail
 s - a +2 whip of flaming
 u - a +2 whip of freezing
Missiles
 m - 175 stones (quivered)
 o - 52 sling bullets
Armour
 b - a +0 leather armour
 j - a +0 chain mail (worn)
 p - a scarf of repulsion (worn)
 v - a +0 helmet
 x - a +0 pair of boots (worn)
Jewellery
 E - a ring of protection from cold (right hand)
Wands
 g - a wand of digging (3)
 n - a wand of flame (6)
Scrolls
 c - 2 scrolls of fog
 d - 3 scrolls of magic mapping
 k - 2 scrolls of teleportation
 q - a scroll of enchant armour
 t - a scroll of brand weapon {unknown}
Potions
 e - a potion of flight
 f - 3 potions of haste
 l - a potion of mutation
 r - a potion of brilliance
 z - a potion of resistance


   Skills:
 + Level 6.5 Fighting
 * Level 7.8 Axes
 + Level 5.1 Armour
 - Level 1.7 Dodging
 - Level 4.5 Stealth
 + Level 1.0 Invocations


You had 8 spell levels left.
You didn't know any spells.
Your spell library contained the following spells:

 Spells                   Type           Power      Damage    Failure   Level
 Poisonous Vapours        Pois/Air       0%         N/A       100%        2
 Conjure Flame            Conj/Fire      0%         6-21      100%        3
 Mephitic Cloud           Conj/Pois/Air  0%         N/A       100%        3
 Freezing Cloud           Conj/Ice/Air   0%         6-21      100%        6


Dungeon Overview and Level Annotations

Branches:
Dungeon (8/15)
 Temple: D:4-7         Lair: D:8-11

Altars:
Gozag
Hepliaklqana
Qazlal
Ru
Yredelemnul
The Shining One

Shops:
D:7 !

Annotations:
D:2 1 runed translucent door, Crazy Yiuf
D:6 1 runed translucent door, Lasty's ghost, weakling VSDe


Innate Abilities, Weirdness & Mutations

You have a pair of small horns on your head.
You are mostly covered in iridescent scales. (AC +4)
Spells you cast may paralyse nearby enemies.
You are agile. (Dex +2)
You are dopey. (Int -2)
Your spells are harder to cast, but more powerful.


Message History

You hit the bullfrog. You headbutt the bullfrog.
The bullfrog is almost dead.
You barely miss the killer bee. You hit the killer bee.
You feel sick.
The killer bee stings you but does no damage.
The killer bee stings you. You block the bullfrog's attack.
The killer bee barely misses you. The killer bee stings you!
You are more poisoned.
The killer bee poisons you!
You take 13 damage, and have 24/71 hp.
You closely miss the bullfrog.
You headbutt the bullfrog, but do no damage.
The bullfrog is almost dead.
You miss the killer bee.
You hit the killer bee but do no damage.
You feel sick.
The killer bee stings you but does no damage.
The bullfrog hits you.
* * * LOW HITPOINT WARNING * * *
The killer bee stings you!
* * * LOW HITPOINT WARNING * * *
An orc comes into view.
It is wielding a +0 trident and quivering boomerangs of dispersal.
You block the killer bee's attack.
You take 12 damage, and have 12/71 hp.
Okay, then.
Okay, then.
Okay, then.
* * * LOW HITPOINT WARNING * * *
You feel sick.
The killer bee stings you but does no damage.
The bullfrog hits you.
* * * LOW HITPOINT WARNING * * *
You take 3 damage, and have 9/71 hp.
An orc warrior comes into view. It is wielding a +0 long sword.
* * * LOW HITPOINT WARNING * * *
You feel sick.
The orc warrior shouts!
The killer bee stings you.
* * * LOW HITPOINT WARNING * * *
The killer bee stings you.
You die...

###### .....#
..... #.$.###
#....## ###
#.....###.########
#..(†Zg...........
#?#.o..s.yyy....#
#..†..###F@.##.#
#.##..# ##.## #.
#..# #.# . ...#
#.# # . ##<.# #.#
.. .. ...# #.# .#
#.## #o# .# #.#
#.##.## #.
#.#...##


You could see an orc warrior, a bullfrog, a gnoll shaman, a scorpion, 3 killer
bees, an orc and a hound skeleton.

Vanquished Creatures
  Pikel (D:5)
  An ogre (D:5)
  2 sky beasts
  2 ice beasts
  A hornet zombie (D:5)
  A centaur (D:5)
  2 lemures (D:5)
  Blork the orc (D:5)
  A bullfrog (D:6)
  2 scorpions (D:7)
  3 killer bees (D:8)
  3 wights
  A howler monkey (D:3)
  A jelly (D:6)
  An orc priest (D:7)
  2 bullfrog skeletons (D:5)
  2 worker ants (D:5)
  Robin (D:2)
  A howler monkey skeleton (D:8)
  9 adders
  A shadow imp (D:8)
  5 white imps
  An ufetubus (D:5)
  An ooze (D:3)
  3 worms
  3 dart slugs
  A leopard gecko (D:3)
  9 orcs
  4 giant cockroaches
  14 goblins
  12 hobgoblins
  A jackal (D:8)
  5 quokkas
  3 ball pythons
  6 bats
  11 frilled lizards
  2 gnoll zombies (D:5)
  10 kobolds
  A quokka skeleton (D:5)
  A quokka zombie (D:5)
  4 rats
136 creatures vanquished.

Notes
Turn   | Place    | Note
-------+----------+-------------------------------------------
     0 | D:5      | jasper the Demonspawn Delver began the quest for the Orb.
     0 | D:5      | Reached XP level 1. HP: 18/18 MP: 1/1
    71 | D:5      | Found a stormy altar of Qazlal.
    77 | D:5      | Became a worshipper of Qazlal Stormbringer
   100 | D:5      | Noticed Blork the orc
   106 | D:5      | Killed Blork the orc
   107 | D:5      | Reached skill level 3 in Axes
   107 | D:5      | Reached skill level 1 in Armour
   107 | D:5      | Gained mutation: Spells you cast may paralyse adjacent
                  | enemies. [demonic ancestry]
   107 | D:5      | Reached XP level 2. HP: 8/24 MP: 2/2
   107 | D:5      | Gained mutation: You are partially covered in iridescent
                  | scales. (AC +2) [demonic ancestry]
   107 | D:5      | Reached XP level 3. HP: 10/29 MP: 3/3
   107 | D:5      | Gained mutation: You are mostly covered in iridescent
                  | scales. (AC +4) [demonic ancestry]
   107 | D:5      | Reached XP level 4. HP: 12/35 MP: 4/4
   484 | D:4      | Noticed an ogre
   696 | D:3      | Found a sacrificial altar of Ru.
  1184 | D:2      | Reached * piety under Qazlal
  1363 | D:1      | Gained mutation: Spells you cast may paralyse nearby
                  | enemies. [demonic ancestry]
  1363 | D:1      | Reached XP level 5. HP: 42/42 MP: 5/5
  2286 | D:1      | You fall into a shaft and drop 1 floor!
  2912 | D:2      | Found a hazy altar of Hepliaklqana.
  3212 | D:2      | Found a runed translucent door.
  3213 | D:2      | Noticed Crazy Yiuf
  3347 | D:2      | Noticed Robin
  3375 | D:2      | Reached ** piety under Qazlal
  3454 | D:2      | Killed Robin
  3759 | D:2      | Found an opulent altar of Gozag.
  3896 | D:3      | Reached skill level 4 in Axes
  4024 | D:3      | Found a stormy altar of Qazlal.
  4848 | D:5      | Noticed an ogre
  4851 | D:5      | Gained mutation: You are agile. (Dex +2) [potion of
                  | mutation]
  4851 | D:5      | Gained mutation: Your spells are a little harder to cast,
                  | but a little more powerful. [potion of mutation]
  4851 | D:5      | Gained mutation: You are dopey. (Int -2) [potion of
                  | mutation]
  4851 | D:5      | Gained mutation: Your spells are harder to cast, but more
                  | powerful. [potion of mutation]
  4858 | D:5      | Killed an ogre
  4859 | D:5      | Reached XP level 6. HP: 49/49 MP: 6/6
  5159 | D:5      | Noticed an ice beast
  5256 | D:5      | Killed an ice beast
  5257 | D:5      | Reached skill level 5 in Axes
  5699 | D:5      | Noticed Pikel
  5702 | D:5      | Killed Pikel
  5703 | D:5      | Reached skill level 5 in Fighting
  5703 | D:5      | Reached skill level 6 in Axes
  5703 | D:5      | Reached XP level 7. HP: 40/56 MP: 7/7
  6012 | D:5      | Found a basalt altar of Yredelemnul.
  6231 | D:5      | Gained mutation: You have a pair of small horns on your
                  | head. [demonic ancestry]
  6231 | D:5      | Reached XP level 8. HP: 53/63 MP: 8/8
  8188 | D:6      | Found a runed translucent door.
  8192 | D:6      | Noticed Lasty's ghost (weakling VSDe)
  8642 | D:7      | Reached skill level 7 in Axes
  8681 | D:7      | HP: 2/57 [orc priest/divine providence (9)]
  9498 | D:7      | Found Zyipharch's Distillery.
  9503 | D:7      | Noticed a brown ugly thing
  9554 | D:8      | Reached skill level 5 in Armour
 10026 | D:8      | Reached *** piety under Qazlal
 10037 | D:8      | Reached skill level 1 in Invocations
 10037 | D:8      | Reached XP level 9. HP: 14/71 MP: 9/9
 10048 | D:8      | HP: 2/71 [killer bee (6)]
 10048 | D:8      | Slain by a killer bee

Illustrated notes

Levels and vault maps discovered:
D:1:      dpeg_arrival_three_same_balls, layout_basic
D:2:      layout_basic, nicolae_hepliaklqana_hippocampus,
          amethyst_overflow_temple_binary, uniq_crazy_yiuf_cottage, uniq_robin
D:3:      layout_loops_cross, marbit_many_paths, overflow_temple_1_default
D:4:      layout_loops_ring, minmay_temple_entry_glassed_door
D:5:      layout_loops_corners, lemuel_zombie_altar_yredelemnul,
          nicolae_ossuary_entry_ruins, minmay_misc_feat_pillars,
          grunt_qazlal_clouds, uniq_blork_the_orc, uniq_pikel
D:6:      layout_basic, serial_co_window_serial, co_window_corner_a,
          co_window_paths_a, co_window_paths_a, co_window_paths_a,
          co_window_corner_a, co_window_2corner, co_window_corner_b,
          co_window_of_opportunity_b, glass_columns_a, glass_columns_a,
          ebering_ghost_sewer_d
D:7:      layout_loops_ring, zin_scriptorium, kennysheep_mini_moat,
          vehumet_crystals, serial_shops,
          nicolae_shop_temple_entry_statues_fountains, shop, shop,
          nicolae_shop_trees, shop
D:8:      layout_loops_ring, nicolae_ashenzari_panopticon,
          general_overflow_altar, minmay_alternating_orb

Skill      XL: |  1  2  3  4  5  6  7  8 |
---------------+-------------------------+-----
Axes           | 3 4 6 7 |  7.8
Armour         | 1 2 3 5 |  5.1
Fighting       | 4 5 6 |  6.5
Invocations    | 1 |  1.0
Dodging        | |  1.7
Stealth        | |  4.5

Action                   |  1- 3 |  4- 6 |  7- 9 || total
-------------------------+-------+-------+-------++-------
Melee: Hand axe          |       |   400 |   229 ||   629
       Headbutt          |       |       |    49 ||    49
 Fire: Hunting sling     |       |    22 |       ||    22
Throw: Stone             |       |    49 |    41 ||    90
Evoke: Wand              |    10 |    13 |     6 ||    29
  Use: Scroll            |       |     1 |    12 ||    13
       Potion            |       |     4 |     3 ||     7
Armor: Chain mail        |       |   280 |   159 ||   439
Dodge: Dodged            |       |   140 |    80 ||   220
       Repelled          |       |       |     3 ||     3
Block: Other             |       |    25 |    23 ||    48

Table legend: (Time is in decaauts)
 A = Elapsed time spent in this place.
 B = Non-inter-level travel time spent in this place.
 C = Inter-level travel time spent in this place.
 D = Time resting spent in this place.
 E = Time spent auto-exploring this place.
 F = Levels seen in this place.
 G = Mean time per level.
                   A        B        C        D        E       F      G
               +--------+--------+--------+--------+--------+-----+--------+
         Total |  10107 |   9693 |    414 |   2531 |   5555 |   8 | 1263.4 |
       Dungeon |  10107 |   9693 |    414 |   2531 |   5555 |   8 | 1263.4 |
               +--------+--------+--------+--------+--------+-----+--------+

Top non-repeatable levels by time:
     D:5: 2886 daAuts
     D:6: 1989 daAuts
     D:2: 1441 daAuts
     D:1: 1343 daAuts
     D:3: 1291 daAuts
     D:8: 519 daAuts
     D:7: 327 daAuts
     D:4: 307 daAuts
